 Dungeon Crawl Stone Soup: Circus Animals version 1.7-37-g2c94cca (webtiles) character file.

9808 Ihatecarrots00 the Thaumaturge (level 16, -16/162 (164) HPs) *EASY*
             Began as a Deep Elf Conjurer on Oct 19, 2016.
             Demolished by a stone giant (19 damage)
             ... on level 7 of the Orcish Mines on Oct 24, 2016.
             The game lasted 02:16:08 (28387 turns).

Ihatecarrots00 the Thaumaturge (Deep Elf Conjurer) Turns: 28387, Time: 02:16:09

HP:   -16/162 (164) AC: 27    Str:  7    XL:     16   Next: 84%
MP:   6/200         EV:  2    Int: 23    God:
Gold: 2259          SH:  0    Dex: 20    Spells: 7 memorised, 9 levels left

rFire  + . .     rPois    .       - Unarmed
rCold  + + .     rElec    +     D - +10 storm dragon armour
rNeg   + . .     rCorr    .     (no shield) MagicSh . . . SeeInvis +
                                r - +2 hat StaminaSh . . . Faith .
                                j - +0 cloak RegenHP ..........
SustAt +                        (no gloves) RegenSP +++....... Dismiss .
                                H - +1 pair of boots "Emecyneh" {rElec rF+ rC+} RegenMP +++++..... Reflect .
                                (no amulet)
MR     +....     Harm     .     B - ring "Kuit" {SustAt *Corrode rN+ Str+2 SInv}
Stlth  ++........               y - ring of magical power

@: quick, non-regenerating, diseased, studying Maces & Flails, quick, somewhat
resistant to hostile enchantments, unstealthy
A: beak, cold resistance 1, deterioration 1, cold-blooded, reduced AC 1, missing
an eye
a: no special abilities


You were on level 7 of the Orcish Mines.
You were not hungry.

You visited 3 branches of the dungeon, and saw 21 of its levels.
You also visited: Labyrinth and Bailey.

You collected 4510 gold pieces.
You spent 2251 gold pieces at shops.

Inventory:

Hand Weapons
 k - a +3 quarterstaff of chaos
 K - a +3 giant club
Armour
 a - a +1 robe
 j - a +0 cloak (worn)
 r - a +2 hat (worn)
 D - a +10 storm dragon armour (worn)
 G - a +0 steam dragon armour
 H - the +1 pair of boots "Emecyneh" (worn) {rElec rF+ rC+}
   (You found it on level 6 of the Lair of Beasts)

   It protects you from fire.
   It protects you from cold.
   It insulates you from electricity.
Rods
 M - a +3 rod of ignition (10/10)
   (You bought it in a shop on level 5 of the Orcish Mines)
Jewellery
 b - an uncursed ring of protection from cold
 c - a +6 ring of evasion
 d - a +4 amulet of reflection
 e - a cursed ring of loudness
 m - an uncursed amulet of rage
 n - an uncursed ring of protection from magic
 q - a +1 ring of evasion
 s - a cursed -3 ring of strength
 u - a cursed -3 ring of strength
 x - an uncursed ring of ice
 y - a ring of magical power (left hand)
 B - the ring "Kuit" (right hand) {SustAt *Corrode rN+ Str+2 SInv}
   (You found it in a labyrinth)

   [ring of sustain attributes]

   It sustains your strength, intelligence and dexterity.
   It affects your strength (+2).
   It protects you from negative energy.
   It lets you see invisible.
   It may corrode you when you take damage.
 E - an uncursed ring of stamina
 F - a cursed -3 ring of strength
 I - an uncursed amulet of dismissal
 J - an uncursed ring of see invisible {unknown}
 L - the ring "Umpas" {*Tele rN+, unknown}
   (You bought it in a shop on level 4 of the Orcish Mines)

   [ring of teleportation]

   It may teleport you next to monsters.
   It protects you from negative energy.
Wands
 f - a wand of polymorph (25/48)
 g - a wand of iceblast (14/30)
 h - a wand of teleportation (3/9)
 i - a wand of flame (62/96)
 l - a wand of enslavement (14/24)
 o - a wand of slowing (36/48)
 p - a wand of confusion (23/48)
 t - a wand of paralysis (11/24)
 v - a wand of lightning (0/15)
 w - a wand of random effects (36/48)
 z - a wand of acid (6/15)
 A - a wand of disintegration (11/24)
 C - a wand of digging (23/48)
Scrolls
 f - 4 scrolls of remove curse
 i - 4 scrolls of noise
 k - 7 scrolls of enchant weapon
 m - 3 scrolls of amnesia
 s - 5 scrolls of random uselessness
 t - 4 scrolls of fog
 v - 3 scrolls of fear
 B - 2 scrolls of recharging
 D - a scroll of enchant armour
 G - 5 scrolls of magic mapping
 M - 5 scrolls of vulnerability
 Q - a scroll of identify
Potions
 c - 26 potions of stamina
 e - 17 potions of curing
 g - 3 potions of cure mutation
 h - 3 potions of agility
 j - 7 potions of haste {unknown}
 l - 2 potions of magic
 n - 2 potions of cancellation
 o - 2 potions of flight {unknown}
 p - 5 potions of degeneration {unknown}
 q - 2 potions of beneficial mutation {unknown}
 u - 9 potions of lignification {unknown}
 w - 3 potions of mutation {unknown}
 z - 7 potions of might
 A - 4 potions of weak mutation
 F - 6 potions of ambrosia {unknown}
 I - 2 potions of berserk rage
 J - 2 potions of resistance {unknown}
 K - 2 potions of invisibility {unknown}
 P - 4 potions of brilliance {unknown}
Books
 a - a book of Conjurations

   Spells                             Type                      Level
   a - Magic Dart                     Conjuration                  1
   b - Searing Ray                    Conjuration/Light            2
   c - Dazzling Spray                 Conjuration/Hexes/Light      3
   d - Fulminant Prism                Conjuration/Hexes/Time       4
   e - Iskenderun's Mystic Blast      Conjuration/Ice              4
   f - Iskenderun's Battlesphere      Conjuration/Charms/Light     5
 d - a Young Poisoner's Handbook

   Spells                             Type                      Level
   a - Sting                          Conjuration/Poison           1
   b - Mephitic Cloud                 Conjuration/Poison/Air       3
   c - Olgreb's Toxic Radiance        Poison/Light                 4
   d - Alistair's Intoxication        Hexes/Transmutation/Poison   5
   e - Venom Bolt                     Conjuration/Poison           5
 r - a manual of Maces & Flails
 y - a book of Cantrips

   Spells                             Type                      Level
   a - Confusing Touch                Darkness                     1
   b - Animate Skeleton               Necromancy                   1
   c - Summon Small Mammal            Summoning                    1
   d - Apportation                    Translocation                1
 C - a book of Power

   Spells                             Type                      Level
   a - Fulminant Prism                Conjuration/Hexes/Time       4
   b - Iskenderun's Mystic Blast      Conjuration/Ice              4
   c - Venom Bolt                     Conjuration/Poison           5
   d - Bolt of Magma                  Conjuration/Fire/Earth       5
   e - Iron Shot                      Conjuration/Earth            6
   f - Orb of Destruction             Conjuration                  7
   g - Spellforged Servitor           Conjuration/Summoning/Time   7
 E - a book of Burglary

   Spells                             Type                      Level
   a - Swiftness                      Charms/Air/Time              2
   b - Passwall                       Transmutation/Earth          2
   c - Passage of Golubria            Translocation/Air            4
   d - Lee's Rapid Deconstruction     Transmutation/Earth          5
   e - Darkness                       Hexes/Darkness               6
   f - Invisibility                   Charms/Transmutation/Darkness 6
 L - a book of the Tempests

   Spells                             Type                      Level
   a - Static Discharge               Conjuration/Air              3
   b - Lightning Bolt                 Conjuration/Air              5
   c - Fireball                       Conjuration/Fire/Light       5
   d - Tornado                        Air                          9
   e - Shatter                        Earth                        9
 O - a book of Annihilations

   Spells                             Type                      Level
   a - Poison Arrow                   Conjuration/Poison           6
   b - Chain Lightning                Conjuration/Air              8
   c - Lehudib's Crystal Spear        Conjuration/Ice/Earth        8
   d - Glaciate                       Ice                          9
   e - Fire Storm                     Fire                         9


   Skills:
 + Level 4.9 Armour
 + Level 10.2 Dodging
 + Level 11.3 Stealth
 + Level 5.4 Unarmed Combat
 + Level 13.1 Spellcasting
 + Level 10.1 Conjurations
 * Level 6.8 Air Magic


You had 9 spell levels left.
You knew the following spells:

 Your Spells              Type           Power        Failure   Level  Hunger
a - Magic Dart            Conj           #.........   3%          1    ##.....
b - Iskenderun's Mystic   Conj/Ice       #.........   21%         4    ###....
c - Venom Bolt            Conj/Pois      #.........   39%         5    ###....
d - Fulminant Prism       Conj/Hex/Time  #.........   21%         4    ###....
e - Passage of Golubria   Tloc/Air       #.........   30%         4    ###....
f - Tornado               Air            #.........   97%         9    ######.
g - Lightning Bolt        Conj/Air       #.........   39%         5    ###....


Dungeon Overview and Level Annotations

Branches:
Dungeon (7/7)              Forest (0/7) Orc:7          Lair (7/7) D:7
    Orc (7/7) Lair:7       Shoals (0/4) Lair:2        Snake (0/4) Lair:3
  Swamp (0/4) Lair:3
  Dwarf: Orc:2-6        Elf: Orc:2-6     Spider: Orc:2-6

Altars:
Makhleb
Pakellas
Qazlal
Ru
Trog
Beogh

Shops:
Orc:2 !   Orc:4 *   Orc:5 *

Annotations:
Lair:1 exclusion: oklob plant


Innate Abilities, Weirdness & Mutations

You have a beak for a mouth.
Your flesh is cold resistant. (rC+)
Your body sometimes deteriorates upon taking damage.
You are cold-blooded and may be slowed by cold attacks.
You take slightly more damage. (AC -3)
You are missing an eye, making it more difficult to aim.


Message History

The orb of energy hits the stone giant. (mon hp-18)
The stone giant throws a large rock.
The large rock hits you! (hp-8)
* * * LOW HITPOINT WARNING * * *; The stone giant throws a large rock.
The large rock hits you but does no damage.
Okay, then.
The cyclops easily resists.
Evoking this partially-identified wand wasted a few charges.
The cyclops easily resists.
This wand has 3 charges left.
You hear a mighty clap of thunder!
The bolt of lightning hits the cyclops. (mon hp-1)
The bolt of lightning misses the stone giant.
Evoking this partially-identified wand wasted a few charges.
You hear a shout!
Energy courses through your body! (sp+60)
The cyclops completely misses you. The stone giant hits you! (hp-17)
* * * LOW HITPOINT WARNING * * *
Okay, then.
It was a potion of cancellation.
Your magical contamination has completely faded away.
You feel magically purged. The cyclops hits you. (hp-2)
* * * LOW HITPOINT WARNING * * *; The stone giant hits you!! (hp-19)
You die...

#..##..........................
## #..........................#
##.##..##.#....................
#..............................
##.##...#........).............
###............(..............
#.............)..............
##.##......).)...(...........
## ##......@C)..............
#.......C..)............
##...........[[.<.#.....
##.......#รท[)[......)..
#.......)([)))........
.........#[<[[.........
..$..#.....[)[..........
#$...$............).....
........##...........


You could see a stone giant and a cyclops.

Vanquished Creatures
  Kirke (Lair:6)
  2 orc warlords
  A stone giant (Orc:7)
  3 ettins (Orc:6)
  A minotaur (Lab)
  Josephine (Orc:5)
  14 hydras
  2 catoblepae
  An ogre mage (Orc:5)
  12 death yaks
  4 orc high priests
  Erolcha (Orc:4)
  Nergalle (Lair:2)
  3 fire crabs
  4 griffons
  8 orc knights
  10 orc sorcerers
  9 cyclopes
  38 elephants
  2 torpor snails
  14 black mambas
  15 spiny frogs
  9 komodo dragons
  4 merfolk (Lair:2)
  A boulder beetle (Orc:2)
  7 rime drakes
  9 trolls
  3 polar bears (Lair:7)
  14 two-headed ogres
  65 blink frogs
  13 spriggans (Lair:7)
  74 yaks
  Duvessa (D:4)
  5 hungry ghosts
  4 wraiths (Orc:5)
  8 hippogriffs
  3 hogs (Lair:6)
  5 basilisks
  3 fire bats (Lair:2)
  2 wyverns (Lair:7)
  6 phantoms
  9 wargs
  45 water moccasins
  A steam dragon (Lair:6)
  5 black bears
  9 ice beasts
  5 sky beasts
  Dowan (D:4)
  23 ogres
  15 crocodiles
  15 porcupines
  46 orc warriors
  A swamp drake (Lair:5)
  3 wasps (Lair:7)
  4 big kobolds
  45 wolves
  3 boggarts (Lair:7)
  2 centaurs (D:7)
  16 giant frogs
  A troll skeleton (Lab)
  4 scorpions
  14 two-headed ogre zombies (Orc:4)
  A giant frog zombie (D:5)
  A centaur skeleton (Lab)
  3 giant frog skeletons
  5 killer bees (D:7)
  3 crimson imps (D:7)
  6 electric eels
  2 ogre skeletons (Lab)
  2 dart slugs (D:2)
  3 hounds
  2 howler monkeys (D:6)
  2 jellies (D:7)
  20 orc priests
  39 orc wizards
  Crazy Yiuf (D:5)
  Robin (D:2)
  10 giant geckos
  2 gnoll shamans
  7 iguanas
  193 orcs
  31 sheep
  14 worker ants
  17 adders
  13 bats
  13 giant cockroaches
  30 gnolls
  12 goblins
  26 hobgoblins
  6 jackals
  5 quokkas
  80 river rats
  A shadow imp (D:6)
  An adder skeleton (D:4)
  A ball python (D:3)
  A giant gecko skeleton (D:6)
  A giant gecko zombie (D:5)
  5 giant newts
  A hound skeleton (D:6)
  2 hound zombies
  20 kobolds
  2 oozes
  A quokka zombie (D:6)
  9 rats
  4 worms
  13 fungi
  2 plants (Lair:7)
1264 creatures vanquished.

Vanquished Creatures (collateral kills)
  An orc knight (Orc:6)
  A troll (Orc:6)
2 creatures vanquished.

Vanquished Creatures (others)
  An elephant (Lair:7)
  A blink frog (Lair:2)
  A hog (Lair:6)
  An orc wizard (Orc:7)
  25 fulminant prisms
  32 fungi
  25 plants
86 creatures vanquished.

Grand Total: 1352 creatures vanquished

Notes
Turn   | Place    | Note
-------+----------+-------------------------------------------
     0 | D:1      | Ihatecarrots00 the Deep Elf Conjurer began the quest for the Orb.
     0 | D:1      | Reached XP level 1. HP: 32/32 MP: 175/175
    24 | D:1      | Reached skill level 4 in Spellcasting
   107 | D:1      | Reached XP level 2. HP: 40/40 MP: 160/175
   290 | D:1      | Reached XP level 3. HP: 49/49 MP: 167/175
  1079 | D:2      | Noticed Robin
  1081 | D:2      | Killed Robin
  1141 | D:2      | Reached XP level 4. HP: 58/58 MP: 167/175
  1684 | D:3      | Learned a level 4 spell: Iskenderun's Mystic Blast
  3009 | D:4      | Reached XP level 5. HP: 67/67 MP: 144/175
  3032 | D:4      | Noticed Duvessa
  3034 | D:4      | Noticed Dowan
  3035 | D:4      | Killed Duvessa
  3037 | D:4      | Killed Dowan
  3037 | D:4      | Reached skill level 5 in Spellcasting
  3125 | D:4      | Reached XP level 6. HP: 61/74 MP: 63/175
  3238 | D:4      | Found a stormy altar of Qazlal.
  3294 | D:4      | Learned a level 5 spell: Iskenderun's Battlesphere
  3314 | D:4      | Learned a level 4 spell: Fulminant Prism
  3365 | D:5      | Entered Level 5 of the Dungeon
  3494 | D:5      | Found an oddly glowing altar of Pakellas.
  3604 | D:5      | Found a sacrificial altar of Ru.
  4501 | D:5      | Found a runed door.
  4680 | D:5      | Noticed Crazy Yiuf
  4683 | D:5      | Killed Crazy Yiuf
  4988 | D:6      | Reached XP level 7. HP: 83/83 MP: 164/175
  6177 | D:7      | Entered Level 7 of the Dungeon
  6182 | D:7      | Reached skill level 5 in Conjurations
  6826 | D:7      | Learned a level 7 spell: Orb of Destruction
  7153 | D:7      | Reached skill level 5 in Stealth
  7371 | D:7      | Reached XP level 8. HP: 74/87 MP: 125/175
  7451 | D:7      | Found a staircase to the Lair.
  8029 | Lair:1   | Entered Level 1 of the Lair of Beasts
  8038 | Lair:1   | Reached skill level 6 in Spellcasting
  8326 | Lair:1   | Reached XP level 9. HP: 59/95 MP: 67/175
  8342 | Lair:1   | Reached skill level 5 in Dodging
  8385 | Lair:1   | Reached skill level 7 in Spellcasting
  8764 | Lair:1   | Reached XP level 10. HP: 99/99 MP: 159/175
 10012 | Lair:2   | Reached skill level 8 in Spellcasting
 10016 | Lair:2   | Found a staircase to the Shoals.
 10429 | Lair:2   | Reached XP level 11. HP: 95/120 MP: 58/175
 10630 | Lair:2   | Noticed Nergalle
 10654 | Lair:2   | Killed Nergalle
 11709 | Lair:3   | Noticed a two-headed hydra
 11713 | Lair:3   | Killed a two-headed hydra
 11751 | Lair:3   | Learned a level 4 spell: Passage of Golubria
 11769 | Lair:3   | Found a staircase to the Swamp.
 12165 | Lair:3   | Reached skill level 9 in Spellcasting
 12264 | Lair:3   | Found a staircase to the Snake Pit.
 12413 | Lair:3   | Reached skill level 1 in Unarmed Combat
 12541 | Lair:3   | Reached XP level 12. HP: 106/127 MP: 90/175
 12894 | Lair:3   | Found a burning altar of Makhleb.
 14142 | Lair:4   | Learned a level 9 spell: Tornado
 14261 | Lair:4   | Gained mutation: You are cold-blooded and may be slowed by cold attacks. [mutagenic glow]
 14450 | Lair:4   | Gained mutation: You have a beak for a mouth. [mutagenic glow]
 14521 | Lair:4   | Gained mutation: Your body sometimes deteriorates upon taking damage. [mutagenic glow]
 15122 | Lair:5   | Found a labyrinth entrance.
 15134 | Lair:5   | Reached skill level 1 in Air Magic
 15152 | Lab      | Entered a labyrinth
 16145 | Lab      | Got a wavering iron ring
 16239 | Lair:5   | Reached XP level 13. HP: 135/136 MP: 110/175
 17505 | Lair:5   | Reached skill level 1 in Armour
 17804 | Lair:6   | Reached skill level 10 in Spellcasting
 18116 | Lair:6   | Got a pair of warped boots
 18122 | Lair:6   | Identified the +1 pair of boots "Emecyneh" {rElec rF+ rC+} (You found it on level 6 of the Lair of Beasts)
 18209 | Lair:6   | Reached XP level 14. HP: 129/145 MP: 110/175
 18239 | Lair:6   | Noticed Kirke
 18253 | Lair:6   | Killed Kirke
 18923 | Lair:6   | Learned a level 5 spell: Lightning Bolt
 18975 | Lair:6   | Reached skill level 11 in Spellcasting
 20010 | Lair:6   | Identified the ring "Kuit" {SustAt *Corrode rN+ Str+2 SInv} (You found it in a labyrinth)
 20076 | Lair:7   | Entered Level 7 of the Lair of Beasts
 20130 | Lair:7   | Reached skill level 10 in Stealth
 20248 | Lair:7   | Gained mutation: You are missing an eye, making it more difficult to aim. [mutagenic glow]
 20416 | Lair:7   | Reached XP level 15. HP: 143/155 MP: 70/175
 20534 | Lair:7   | Gained mutation: You take slightly more damage. (AC -3) [mutagenic glow]
 20728 | Lair:7   | Gained mutation: Your flesh is cold resistant. (rC+) [mutagenic glow]
 20770 | Lair:7   | Gained mutation: Your mind is acute. (Int +2) [mutagenic glow]
 20810 | Lair:7   | Lost mutation: Your mind is acute. (Int +2) [mutagenic glow]
 21097 | Lair:7   | Found a staircase to the Orcish Mines.
 21452 | Lair:7   | Reached skill level 12 in Spellcasting
 21455 | Lair:7   | Reached skill level 5 in Air Magic
 22572 | Orc:1    | Entered Level 1 of the Orcish Mines
 22595 | Orc:1    | Reached XP level 16. HP: 135/160 MP: 0/175
 22619 | Orc:1    | Found a bloodstained altar of Trog.
 22865 | Orc:2    | Found a roughly hewn altar of Beogh.
 23483 | Orc:2    | Found Usys's Distillery.
 23491 | Orc:2    | Bought a potion of stamina for 112 gold pieces
 23491 | Orc:2    | Bought a potion of magic for 112 gold pieces
 23491 | Orc:2    | Bought a potion of stamina for 112 gold pieces
 24422 | Orc:4    | Noticed Erolcha
 24429 | Orc:4    | Killed Erolcha
 24626 | Orc:4    | Found a flagged portal.
 24635 | Bailey   | Entered a bailey
 25320 | Orc:4    | Found Ruvuwk's Assorted Antiques.
 25328 | Orc:4    | Bought a potion of magic for 216 gold pieces
 25328 | Orc:4    | Bought a heavily runed lapis lazuli ring for 135 gold pieces
 25475 | Orc:5    | Found Doqer's General Store.
 25516 | Orc:5    | Bought a scroll of identify for 34 gold pieces
 25516 | Orc:5    | Bought a +3 rod of ignition (10/10) for 1530 gold pieces
 25691 | Orc:5    | Noticed Josephine
 25704 | Orc:5    | Killed Josephine
 25737 | Orc:5    | Reached skill level 5 in Unarmed Combat
 26408 | Orc:6    | Reached skill level 10 in Conjurations
 26519 | Orc:6    | Reached skill level 10 in Dodging
 26676 | Orc:7    | Entered Level 7 of the Orcish Mines
 26705 | Orc:7    | Reached skill level 13 in Spellcasting
 26719 | Orc:7    | Found a staircase to the Enchanted Forest.
 28246 | Orc:6    | Learned a level 5 spell: Venom Bolt
 28386 | Orc:7    | HP: 5/162 [stone giant (17)]
 28387 | Orc:7    | Demolished by a stone giant

Skill      XL: |  1  2  3  4  5  6  7  8  9 10 11 12 13 14 15 16 |
---------------+-------------------------------------------------+-----
Spellcasting   | 4 5 6 7 8 9 10 11 12 13 | 13.1
Stealth        | 3 4 5 6 7 8 9 10 11 | 11.3
Dodging        | 3 4 5 6 7 8 9 10 | 10.2
Conjurations   | 5 6 7 8 9 10 | 10.1
Unarmed Combat | 1 2 3 4 5 |  5.4
Air Magic      | 1 3 4 5 6 |  6.8
Armour         | 2 3 4 |  4.9

Action                   |  1- 3 |  4- 6 |  7- 9 | 10-12 | 13-15 | 16-18 || total
-------------------------+-------+-------+-------+-------+-------+-------++-------
Melee: Unarmed           |       |    12 |    40 |    39 |    66 |    10 ||   167
       Peck              |       |       |       |       |    14 |     2 ||    16
       Punch             |       |       |       |       |       |     1 ||     1
 Cast: Magic Dart        |    50 |   143 |   236 |   260 |   388 |   153 ||  1230
       Iskenderun's Myst |       |    65 |    95 |   224 |   399 |   321 ||  1104
       Fulminant Prism   |       |     1 |     1 |     7 |    16 |       ||    25
       Passage of Golubr |       |       |       |     5 |       |       ||     5
       Lightning Bolt    |       |       |       |       |    96 |   120 ||   216
       Venom Bolt        |       |       |       |       |       |    32 ||    32
Evoke: Wand              |       |       |       |       |       |    10 ||    10
  Use: Scroll            |       |    16 |     4 |     8 |    32 |    10 ||    70
       Potion            |       |       |       |     5 |    17 |     8 ||    30
 Stab: Sleeping          |       |       |       |     1 |       |       ||     1
Armor: Robe              |     1 |     3 |    26 |    31 |       |       ||    61
       Storm dragon armo |       |       |       |     2 |  1008 |   366 ||  1376
Dodge: Dodged            |     2 |    19 |   267 |   464 |   467 |   216 ||  1435
